 Dungeon Crawl Stone Soup version 0.30-a0-632-g346586fe48 (webtiles) character file.

Game seed: 11790048959306100970

406 bmack86 the Chopper (level 6, -3/55 HPs)
             Began as a Minotaur Fighter on Jan 13, 2023.
             Constricted to death by Pikel (8 damage)
             ... on level 4 of the Dungeon.
             The game lasted 00:07:21 (2349 turns).

bmack86 the Chopper (Minotaur Fighter)              Turns: 2349, Time: 00:07:22

Health: -3/55      AC: 12    Str: 22    XL:     6   Next: 56%
Magic:  5/5        EV:  4    Int:  5    God:
Gold:   155        SH:  5    Dex: 10    Spells: 5/5 levels left

rFire   . . .      SeeInvis .    a - +0 war axe
rCold   . . .      Faith    .    c - +0 buckler
rNeg    . . .      Spirit   .    l - +0 chain mail
rPois   .          Reflect  .    (helmet restricted)
rElec   .          Harm     .    g - +0 cloak
rCorr   +          Rampage  .    e - +0 pair of gloves
Will    .....                    (no boots) Stlth
                                 (no amulet)
HPRegen 0.29/turn                j - ring of resist corrosion
MPRegen 0.09/turn                (no ring)

@: grasped by roots, constricted
A: horns 2, retaliatory headbutt
a: no special abilities


You were on level 4 of the Dungeon.
You visited 1 branch of the dungeon, and saw 4 of its levels.

You collected 155 gold pieces.

Inventory:

Hand Weapons
 a - a +0 war axe (weapon)
 t - a +0 hand axe
Missiles
 v - 7 poisoned darts (quivered)
Armour
 c - a +0 buckler (worn)
 e - a +0 pair of gloves (worn)
 g - a +0 cloak (worn)
 l - a +0 chain mail (worn)
Jewellery
 j - a ring of resist corrosion (left hand)
Scrolls
 f - 2 scrolls of teleportation
 k - a scroll of immolation {unknown}
 o - a scroll of poison {unknown}
 p - a scroll of vulnerability {unknown}
 u - a scroll of magic mapping {unknown}
Potions
 b - a potion of invisibility
 d - a potion of might
 h - a potion of heal wounds {unknown}
 i - a potion of lignification
 m - a potion of degeneration {unknown}
 n - 2 potions of ambrosia
 q - a potion of brilliance {unknown}
 r - a potion of curing
 s - 2 potions of resistance {unknown}


   Skills:
 + Level 4.8 Fighting
 * Level 5.3 Axes
 + Level 2.3 Throwing
 + Level 4.9 Armour
 + Level 4.9 Shields


You had 5 spell levels left.
You didn't know any spells.
Your spell library contained the following spells:

 Spells                   Type           Power      Damage    Failure   Level
 Blink                    Tloc           0%         N/A       100%        2
 Momentum Strike          Conj/Tloc      0%         3d8       100%        2
 Lesser Beckoning         Tloc           0%         N/A       100%        3


Dungeon Overview and Level Annotations

Branches:
Dungeon (4/15)
 Temple: D:4-7

Altars:

Annotations:
D:4 Pikel


Innate Abilities, Weirdness & Mutations

You have a pair of horns on your head.
You reflexively headbutt those who attack you in melee.


Message History

You hit the lemure but do no damage. You barely miss the lemure.
The lemure hits you. You block the lemure's attack.
Pikel attacks as you move away!
Pikel hits you with a +2 whip of freezing.
Pikel freezes you.
You slash the lemure!
The lemure is heavily wounded.
The lemure hits you.
You slash the lemure!
You kill the lemure!
That felt strangely unrewarding.
You slash Pikel! Pikel hits you but does no damage.
You slash the lemure!
You kill the lemure!
That felt strangely unrewarding.
You hit Pikel. Pikel barely misses you. You furiously retaliate!
You headbutt Pikel. The lemure hits you but does no damage.
Pikel hits you but does no damage.
You closely miss Pikel. Your headbutt misses Pikel.
Pikel is moderately wounded.
You hit the lemure. The lemure barely misses you. You furiously retaliate!
You headbutt the lemure, but do no damage.
Pikel zaps a wand.
The roots erupt in riotous growth!
The grasping roots grab you!
The lemure is unaffected.
Pikel is unaffected.
The grasping roots constrict you! The lemure hits you but does no damage.
Pikel hits you with a +2 whip of freezing.
Pikel freezes you. The grasping roots constrict you!
* * * LOW HITPOINT WARNING * * *
You slash Pikel! You headbutt Pikel, but do no damage.
Pikel is severely wounded.
You barely miss the lemure. The lemure hits you.
* * * LOW HITPOINT WARNING * * *
Pikel hits you but does no damage. The grasping roots constrict you.
* * * LOW HITPOINT WARNING * * *
You hit Pikel.
Pikel is severely wounded.
You closely miss the lemure. The lemure hits you.
* * * LOW HITPOINT WARNING * * *
You block Pikel's attack. The grasping roots constrict you!
You die...

.## .. .. ##.## #.
##...### #. #..#.<. .5
#....# #S ###.#.#####.#
#g ........†...#
#5######.# ###.#.#######
#.@......#
###.#.##########K#####.#
.................#
###.....###.....##
...>.##.#.#.###.### ..
#....#.#...##..... ...
#..#.#.##.#..#...###.#
#..#.#.#.###.##...##.#
#..##..#.(#..##...##.#


You could see Pikel, 2 lemures, an adder and a goblin.

Vanquished Creatures
  Grinder (D:4)
  2 lemures (D:4)
  A jelly (D:4)
  An iguana (D:4)
  Robin (D:2)
  4 adders
  4 orcs
  5 ball pythons
  10 bats
  6 endoplasms
  2 giant cockroaches
  11 goblins
  12 hobgoblins
  9 jackals
  6 quokkas
  8 frilled lizards (D:1)
  6 kobolds
  5 rats
94 creatures vanquished.

Notes
Turn   | Place    | Note
-------+----------+-------------------------------------------
     0 | D:1      | bmack86 the Minotaur Fighter began the quest for the Orb.
     0 | D:1      | Reached XP level 1. HP: 19/19 MP: 0/0
   105 | D:1      | Reached XP level 2. HP: 14/27 MP: 1/1
   235 | D:1      | Reached skill level 3 in Axes
   413 | D:1      | Reached XP level 3. HP: 33/33 MP: 2/2
   720 | D:2      | Noticed Robin
   733 | D:2      | Killed Robin
   734 | D:2      | Reached skill level 1 in Throwing
   739 | D:2      | Reached XP level 4. HP: 35/40 MP: 3/3
  1015 | D:2      | Reached skill level 4 in Axes
  2065 | D:4      | Reached XP level 5. HP: 47/47 MP: 4/4
  2114 | D:4      | Noticed Grinder
  2126 | D:4      | Paralysed by Grinder for 5 turns
  2145 | D:4      | Paralysed by Grinder for 5 turns
  2156 | D:4      | Killed Grinder
  2157 | D:4      | Reached skill level 5 in Axes
  2157 | D:4      | Reached XP level 6. HP: 10/55 MP: 5/5
  2332 | D:4      | Noticed Pikel
  2349 | D:4      | Constricted to death by Pikel

Illustrated notes

Levels and vault maps discovered:
D:1:      nicolae_arrival_memento_mori, layout_basic,
          dreamdust_mushroom_princess, minmay_stone_trees_medium,
          dk_noncrumbling_2, minmay_tetromino_i4
D:2:      layout_loops_cross, uniq_robin
D:3:      layout_loops_ring, hangedman_decor_clover_reticule,
          nicolae_figureground_sparkle
D:4:      layout_loops_ring, dancing_weapons_uskayaw, minmay_pentomino_pile,
          uniq_grinder, uniq_edmund, uniq_pikel

Skill      XL: |  1  2  3  4  5 |
---------------+----------------+-----
Axes           | 3 4 5 |  5.3
Fighting       | 4 |  4.8
Armour         | 4 |  4.9
Shields        | 4 |  4.9
Throwing       | 1 2 |  2.3

Action                   |  1- 3 |  4- 6 || total
-------------------------+-------+-------++-------
Melee: War axe           |    64 |   100 ||   164
       Headbutt          |     6 |    11 ||    17
Throw: Dart              |       |    16 ||    16
  Use: Scroll            |       |     4 ||     4
Armor: Scale mail        |    44 |       ||    44
       Chain mail        |       |    79 ||    79
Dodge: Dodged            |    33 |    49 ||    82
Block: Buckler           |    15 |    25 ||    40

Table legend: (Time is in decaauts)
 A = Elapsed time spent in this place.
 B = Non-inter-level travel time spent in this place.
 C = Inter-level travel time spent in this place.
 D = Time resting spent in this place.
 E = Time spent auto-exploring this place.
 F = Levels seen in this place.
 G = Mean time per level.
                   A        B        C        D        E       F      G
               +--------+--------+--------+--------+--------+-----+--------+
         Total |   2404 |   2342 |     62 |    114 |   1465 |   4 |  601.0 |
       Dungeon |   2404 |   2342 |     62 |    114 |   1465 |   4 |  601.0 |
               +--------+--------+--------+--------+--------+-----+--------+

Top non-repeatable levels by time:
     D:3: 750 daAuts
     D:1: 706 daAuts
     D:2: 623 daAuts
     D:4: 323 daAuts
